PAA
MINNESOTA LOONS @ RENO SILVER SOX
08/03/2034
 
TOP OF THE 1ST
Minnesota Loons batting - Pitching for Reno Silver Sox : RHP Jen-ta Men
Pitching: RHP Jen-ta Men
Batting: SHB Esteban Piñeiro 0-0: Ground out 1-3 (Groundball, 13)
Batting: LHB Sergio Cruz 0-0: Swinging Strike
0-1: Ball
1-1: Ground out 6-3 (Groundball, 6)
Batting: LHB Kevin de Bruyne 0-0: Ball
1-0: SINGLE (Groundball, 4MD)
Batting: LHB José Román 0-0: Foul Ball, location: 2F
0-1: Ball
1-1: Foul Ball, location: 2F
1-2: Foul Ball, location: 2F
1-2: Foul Ball, location: 2F
1-2: Ball
2-2: Foul Ball, location: 2F
2-2: Ball
3-2: Fly out, F5 (Popup, 5F)
Top of the 1st over - 0 runs, 1 hit, 0 errors, 1 left on base; Minnesota 0 - Reno 0
BOTTOM OF THE 1ST
Reno Silver Sox batting - Pitching for Minnesota Loons : LHP Ids Knegt
Pitching: LHP Ids Knegt
Batting: RHB Spartak Gonjarov 0-0: Called Strike
0-1: Ball
1-1: Swinging Strike
1-2: Ground out 4-3 (Groundball, 4M)
Batting: RHB Carlos González 0-0: Foul Ball, location: 2F
0-1: Called Strike
0-2: Ground out 5-3 (Groundball, 5S)
Batting: RHB Rob Brooks 0-0: Ball
1-0: Ball
2-0: Foul Ball, location: 2F
2-1: Ball
3-1: Base on Balls
Batting: RHB Jong-beom Chang 0-0: Called Strike
0-1: Ball
1-1: Swinging Strike
1-2: Foul Ball, location: 2F
1-2: Ball
2-2: Ball
3-2: Base on Balls
Rob Brooks to second
Batting: LHB Luis Aranda 0-0: Called Strike
0-1: Ball
1-1: Called Strike
1-2: Ball
2-2: Ground out U3 (Groundball, 34S)
Bottom of the 1st over - 0 runs, 0 hits, 0 errors, 2 left on base; Minnesota 0 - Reno 0
TOP OF THE 2ND
Minnesota Loons batting - Pitching for Reno Silver Sox : RHP Jen-ta Men
Batting: RHB Augusto Manuel 0-0: Ball
1-0: Ball
2-0: Foul Ball, location: 2F
2-1: Swinging Strike
2-2: Ground out 4-3 (Groundball, 4)
Batting: LHB Bill Bean 0-0: Called Strike
0-1: Called Strike
0-2: Ball
1-2: Ball
2-2: Fly out, F3 (Popup, 3S)
Batting: RHB Oliver Villalva 0-0: Called Strike
0-1: Swinging Strike
0-2: Ground out 6-3 (Groundball, 6)
Top of the 2nd over - 0 runs, 0 hits, 0 errors, 0 left on base; Minnesota 0 - Reno 0
BOTTOM OF THE 2ND
Reno Silver Sox batting - Pitching for Minnesota Loons : LHP Ids Knegt
Batting: RHB Landon Edwards 0-0: Ball
1-0: Ball
2-0: Ball
3-0: Called Strike
3-1: Ground out 5-3 (Groundball, 56)
Batting: RHB Juan Laguna 0-0: Ball
1-0: Ball
2-0: Called Strike
2-1: Ball
3-1: Base on Balls
Batting: RHB Roy Burns 0-0: Ball
1-0: Ball
2-0: Called Strike
2-1: Ball
3-1: Base on Balls
Juan Laguna to second
Batting: RHB Jean Lechuga 0-0: Called Strike
0-1: Grounds into double play, 3-6-1 (Groundball, 3)
Bottom of the 2nd over - 0 runs, 0 hits, 0 errors, 1 left on base; Minnesota 0 - Reno 0
TOP OF THE 3RD
Minnesota Loons batting - Pitching for Reno Silver Sox : RHP Jen-ta Men
Batting: LHB Atro Jarvilehto 0-0: Ball
1-0: Ball
2-0: Foul Ball, location: 2F
2-1: Swinging Strike
2-2: Strikes out looking
Batting: RHB Tabor Muzquiz 0-0: Foul Ball, location: 2F
0-1: Called Strike
0-2: Ball
1-2: Foul Ball, location: 2F
1-2: Ball
2-2: Strikes out swinging
Batting: SHB Esteban Piñeiro 0-0: Called Strike
0-1: Ball
1-1: Foul Ball, location: 2F
1-2: Ball
2-2: Ground out 5-3 (Groundball, 56S)
Top of the 3rd over - 0 runs, 0 hits, 0 errors, 0 left on base; Minnesota 0 - Reno 0
BOTTOM OF THE 3RD
Reno Silver Sox batting - Pitching for Minnesota Loons : LHP Ids Knegt
Batting: RHB Spartak Gonjarov 0-0: Called Strike
0-1: Ball
1-1: Swinging Strike
1-2: Ball
2-2: Foul Ball, location: 2F
2-2: Strikes out swinging
Batting: RHB Carlos González 0-0: Ball
1-0: Ball
2-0: SINGLE (Line Drive, 8RS)
Batting: RHB Rob Brooks 0-0: Ball
1-0: Called Strike
1-1: Ball
2-1: Swinging Strike
2-2: SINGLE (Line Drive, 7LS)
Carlos González to second
Batting: RHB Jong-beom Chang 0-0: Called Strike
0-1: Ball
1-1: Ball
2-1: Ball
3-1: Swinging Strike
3-2: Strikes out swinging
Batting: LHB Luis Aranda 0-0: Ground out 4-3 (Groundball, 4)
Bottom of the 3rd over - 0 runs, 2 hits, 0 errors, 2 left on base; Minnesota 0 - Reno 0
TOP OF THE 4TH
Minnesota Loons batting - Pitching for Reno Silver Sox : RHP Jen-ta Men
Batting: LHB Sergio Cruz 0-0: Ground out 4-3 (Groundball, 4MS)
Batting: LHB Kevin de Bruyne 0-0: Ball
1-0: Called Strike
1-1: Ball
2-1: SINGLE (Line Drive, 9S)
Batting: LHB José Román 0-0: Ball
1-0: Swinging Strike
1-1: Fielders Choice at 2nd, 4-6 (Groundball, 4D)
Batting: RHB Augusto Manuel 0-0: Called Strike
0-1: Foul Ball, location: 2F
0-2: Foul Ball, location: 2F
0-2: Foul Ball, location: 2F
0-2: Foul Ball, location: 2F
0-2: Ball
1-2: Ball
2-2: Ball
José Román is caught stealing 2nd base
Top of the 4th over - 0 runs, 1 hit, 0 errors, 0 left on base; Minnesota 0 - Reno 0
BOTTOM OF THE 4TH
Reno Silver Sox batting - Pitching for Minnesota Loons : LHP Ids Knegt
Batting: RHB Landon Edwards 0-0: Ball
1-0: Called Strike
1-1: Ball
2-1: Foul Ball, location: 2F
2-2: Ball
3-2: Foul Ball, location: 2F
3-2: Foul Ball, location: 2F
3-2: Reached via error on a dropped throw, E1
Batting: RHB Juan Laguna 0-0: Ball
1-0: Ball
2-0: Grounds out, U3 (Groundball, 3L)
Batting: RHB Roy Burns 0-0: Ball
1-0: Ball
2-0: Called Strike
2-1: Ball
3-1: Foul Ball, location: 2F
3-2: Base on Balls
Batting: RHB Jean Lechuga 0-0: Ball
1-0: Ball
2-0: Swinging Strike
2-1: Ball
3-1: Base on Balls
Landon Edwards to third
Roy Burns to second
Batting: RHB Spartak Gonjarov 0-0: Ball
1-0: Fly out, F8 (Flyball, 8LM)
Runner from 3rd tags up, SCORES, throw made
Batting: RHB Carlos González 0-0: Ball
1-0: Called Strike
1-1: SINGLE (Flyball, 7LS)
Roy Burns to third
Jean Lechuga to second
Runner from 3rd tries for Home, SAFE, no throw
Batting: RHB Rob Brooks 0-0: Ball
1-0: Swinging Strike
1-1: Foul Ball, location: 2F
1-2: Ball
2-2: Ball
3-2: Foul Ball, location: 2F
3-2: Fly out, F8 (Flyball, 8LM)
Bottom of the 4th over - 2 runs, 1 hit, 1 error, 2 left on base; Minnesota 0 - Reno 2
TOP OF THE 5TH
Minnesota Loons batting - Pitching for Reno Silver Sox : RHP Jen-ta Men
Batting: RHB Augusto Manuel 0-0: Ground out 5-3 (Groundball, 56S)
Batting: LHB Bill Bean 0-0: Ball
1-0: Ball
2-0: Foul Ball, location: 2F
2-1: Called Strike
2-2: Foul Ball, location: 2F
2-2: Fly out, F8 (Flyball, 8LS)
Batting: RHB Oliver Villalva 0-0: Ball
1-0: Foul Ball, location: 2F
1-1: Called Strike
1-2: Foul Ball, location: 2F
1-2: Strikes out swinging
Top of the 5th over - 0 runs, 0 hits, 0 errors, 0 left on base; Minnesota 0 - Reno 2
BOTTOM OF THE 5TH
Reno Silver Sox batting - Pitching for Minnesota Loons : LHP Ids Knegt
Batting: RHB Jong-beom Chang 0-0: Called Strike
0-1: Foul Ball, location: 2F
0-2: Ball
1-2: Strikes out looking
Pitching: RHP Ronald Beedy
Batting: LHB Luis Aranda 0-0: Called Strike
0-1: Ball
1-1: Swinging Strike
1-2: Ball
2-2: Ball
3-2: Base on Balls
Batting: RHB Landon Edwards 0-0: Ball
1-0: Grounds into double play, 6-4-3 (Groundball, 6)
Bottom of the 5th over - 0 runs, 0 hits, 0 errors, 0 left on base; Minnesota 0 - Reno 2
TOP OF THE 6TH
Minnesota Loons batting - Pitching for Reno Silver Sox : RHP Jen-ta Men
Batting: LHB Atro Jarvilehto 0-0: Ground out U3 (Groundball, 3L)
Batting: RHB Tabor Muzquiz 0-0: Called Strike
0-1: Foul Ball, location: 2F
0-2: Ball
1-2: Foul Ball, location: 2F
1-2: Foul Ball, location: 2F
1-2: Strikes out swinging
Batting: SHB Esteban Piñeiro 0-0: Swinging Strike
0-1: Fly out, F9 (Flyball, 9D)
Top of the 6th over - 0 runs, 0 hits, 0 errors, 0 left on base; Minnesota 0 - Reno 2
BOTTOM OF THE 6TH
Reno Silver Sox batting - Pitching for Minnesota Loons : RHP Ronald Beedy
Batting: RHB Juan Laguna 0-0: Called Strike
0-1: Fly out, F7 (Line Drive, 78M)
Batting: RHB Roy Burns 0-0: Ground out 6-3 (Groundball, 6)
Batting: RHB Jean Lechuga 0-0: SINGLE (Line Drive, 8RS)
Batting: RHB Spartak Gonjarov 0-0: Called Strike
0-1: Fly out, F8 (Flyball, 8LM)
Bottom of the 6th over - 0 runs, 1 hit, 0 errors, 1 left on base; Minnesota 0 - Reno 2
TOP OF THE 7TH
Minnesota Loons batting - Pitching for Reno Silver Sox : RHP Jen-ta Men
Batting: LHB Sergio Cruz 0-0: Ball
1-0: Foul Ball, location: 2F
1-1: Foul Ball, location: 2F
1-2: SINGLE (Flyball, 7S)
Batting: LHB Kevin de Bruyne 0-0: Ball
1-0: Swinging Strike
1-1: Fly out, F5 (Popup, 56S)
Batting: LHB José Román 0-0: Foul Ball, location: 2F
0-1: Called Strike
0-2: Foul Ball, location: 2F
0-2: Ball
1-2: Ball
2-2: Fly out, F8 (Flyball, 8RXD)
Batting: RHB Augusto Manuel 0-0: Ball
1-0: Swinging Strike
1-1: Foul Ball, location: 2F
1-2: Ball
2-2: Ball
3-2: Foul Ball, location: 2F
3-2: Fly out, F9 (Line Drive, 9D)
Top of the 7th over - 0 runs, 1 hit, 0 errors, 1 left on base; Minnesota 0 - Reno 2
BOTTOM OF THE 7TH
Reno Silver Sox batting - Pitching for Minnesota Loons : RHP Ronald Beedy
Batting: RHB Carlos González 0-0: Ball
1-0: Ball
2-0: Ball
3-0: Called Strike
3-1: Base on Balls
Batting: RHB Rob Brooks 0-0: Ball
1-0: Swinging Strike
1-1: Called Strike
1-2: Strikes out swinging
Batting: RHB Jong-beom Chang 0-0: Called Strike
0-1: Ball
1-1: Swinging Strike
1-2: Foul Ball, location: 2F
1-2: Foul Ball, location: 2F
1-2: Foul Ball, location: 2F
1-2: Foul Ball, location: 2F
1-2: Ball
2-2: Foul Ball, location: 2F
2-2: Foul Ball, location: 2F
2-2: Ball
3-2: SINGLE (Groundball, 6MD)
Carlos González to second
Carlos González to third
Batting: LHB Luis Aranda 0-0: Called Strike
0-1: Ball
1-1: Ball
2-1: Foul Ball, location: 2F
2-2: Strikes out swinging
Batting: RHB Landon Edwards 0-0: Foul Ball, location: 2F
0-1: Foul Ball, location: 2F
0-2: Ball
1-2: Foul Ball, location: 2F
1-2: Foul Ball, location: 2F
1-2: Fly out, F7 (Flyball, 7)
Bottom of the 7th over - 0 runs, 1 hit, 0 errors, 2 left on base; Minnesota 0 - Reno 2
TOP OF THE 8TH
Minnesota Loons batting - Pitching for Reno Silver Sox : RHP Jen-ta Men
Batting: LHB Bill Bean 0-0: Foul Ball, location: 2F
0-1: Called Strike
0-2: Strikes out swinging
Batting: RHB Oliver Villalva 0-0: Swinging Strike
0-1: Ball
1-1: Foul Ball, location: 2F
1-2: Strikes out swinging
Batting: LHB Atro Jarvilehto 0-0: Fly out, F8 (Line Drive, 8RS)
Top of the 8th over - 0 runs, 0 hits, 0 errors, 0 left on base; Minnesota 0 - Reno 2
BOTTOM OF THE 8TH
Reno Silver Sox batting - Pitching for Minnesota Loons : RHP Ronald Beedy
Batting: RHB Juan Laguna 0-0: Ball
1-0: Ball
2-0: Called Strike
2-1: Ground out 5-3 (Groundball, 5S)
Batting: RHB Roy Burns 0-0: Ball
1-0: Called Strike
1-1: Foul Ball, location: 2F
1-2: Strikes out swinging
Batting: RHB Jean Lechuga 0-0: Called Strike
0-1: Ball
1-1: SINGLE (Groundball, 4MD)
Batting: RHB Spartak Gonjarov 0-0: Called Strike
0-1: Ball
1-1: Ball
2-1: Swinging Strike
2-2: Strikes out swinging
Bottom of the 8th over - 0 runs, 1 hit, 0 errors, 1 left on base; Minnesota 0 - Reno 2
TOP OF THE 9TH
Minnesota Loons batting - Pitching for Reno Silver Sox : RHP Jen-ta Men
Pitching: RHP Hans Rager
Batting: RHB Tabor Muzquiz 0-0: Swinging Strike
0-1: Ball
1-1: Foul Ball, location: 2F
1-2: Foul Ball, location: 2F
1-2: Ball
2-2: Strikes out looking
Batting: SHB Esteban Piñeiro 0-0: Called Strike
0-1: Called Strike
0-2: Ball
1-2: Ball
2-2: Ball
3-2: Strikes out swinging
Batting: LHB Sergio Cruz 0-0: Ground out 4-3 (Groundball, 4S)
Top of the 9th over - 0 runs, 0 hits, 0 errors, 0 left on base; Minnesota 0 - Reno 2
Friday, March 29th, 2019 - OOTP Baseball 18.8 Build 76